 Dungeon Crawl Stone Soup version 0.23.2-30-g0e89c35649 (webtiles) character file.

Game seed: 1178527155015383689

257 Pyrotika the Stinger (level 5, 0/41 HPs)
             Began as a Draconian Venom Mage on Feb 16, 2019.
             Killed from afar by an orc wizard (8 damage)
             ... with a puff of flame
             ... on level 4 of the Dungeon on June 9, 2019.
             The game lasted 00:35:15 (3488 turns).

Pyrotika the Stinger (Draconian Venom Mage)         Turns: 3488, Time: 00:35:16

Health: 0/41       AC:  5    Str: 10    XL:     5   Next: 93%
Magic:  9/9        EV:  9    Int: 16    God:
Gold:   168        SH:  6    Dex: 12    Spells: 6/9 levels left

rFire    . . .     SeeInvis .   m - +0 short sword (venom)
rCold    . . .     Gourm    .   v - +0 shield
rNeg     . . .     Faith    .   (armour unavailable)
rPois    .         Spirit   .   (helmet restricted)
rElec    .         Reflect  .   (no cloak)
rCorr    .         Harm     .   (no gloves)
MR       .....                  (no boots)
Stlth    ++........             (no amulet)
HPRegen  0.13/turn              (no ring)
MPRegen  0.11/turn              (no ring)

@: no status effects
A: unfitting armour, cold-blooded, AC +5
a: no special abilities


You were on level 4 of the Dungeon.
You were not hungry.

You visited 1 branch of the dungeon, and saw 4 of its levels.

You collected 168 gold pieces.

Inventory:

Hand Weapons
 m - a +0 short sword of venom (weapon)
Armour
 o - a cursed +0 ring mail
 v - a +0 shield (worn)
Jewellery
 s - an uncursed amulet of the gourmand {unknown}
Scrolls
 a - 7 scrolls of identify {unknown}
 c - 2 scrolls of blinking {unknown}
 e - 5 scrolls of amnesia {unknown}
 g - a scroll of immolation {unknown}
 h - 4 scrolls of magic mapping {unknown}
 i - 2 scrolls of remove curse {unknown}
 n - a scroll of teleportation {unknown}
 q - a scroll of fog {unknown}
 u - a scroll of noise {unknown}
 w - a scroll of random uselessness {unknown}
Potions
 b - a potion of agility {unknown}
 d - a potion of curing {unknown}
 f - a potion of haste {unknown}
 j - a potion of ambrosia {unknown}
 k - 2 potions of degeneration {unknown}
 l - a potion of lignification {unknown}
 r - a potion of invisibility {unknown}
 t - a potion of might {unknown}
Comestibles
 p - 3 rations


   Skills:
 + Level 2.0 Fighting
 + Level 3.4 Short Blades
 + Level 2.2 Dodging
 - Level 1.9 Stealth
 + Level 0.1 Shields
 - Level 0.1 Unarmed Combat
 + Level 2.6 Spellcasting
 + Level 1.5 Conjurations
 + Level 0.4 Air Magic
 + Level 3.9 Poison Magic


You had 6 spell levels left.
You knew the following spells:

 Your Spells              Type           Power        Failure   Level  Hunger
a - Sting                 Conj/Pois      ##..         38%         1    #......
b - Poisonous Vapours     Pois/Air       #.....       63%         2    ##.....

Your spell library contained the following spells:

 Spells                   Type           Power        Failure   Level  Hunger
 Mephitic Cloud           Conj/Pois/Air  #.......     87%         3    ###....
 Olgreb's Toxic Radiance  Pois           ##......     95%         4    #####..
 Venom Bolt               Conj/Pois      ##........   100%        5    ######.


Dungeon Overview and Level Annotations

Branches:
Dungeon (4/15)             Temple (0/1) D:4

Altars:
Hepliaklqana


Innate Abilities, Weirdness & Mutations

Your plain brown scales are hard. (AC +5)
You cannot fit into any form of body armour.
You are cold-blooded and may be slowed by cold attacks.


Message History

You hear a shout!
The orc wizard casts a spell.
The orc wizard seems to speed up.
The orc barely misses you.
The orc wizard gestures at you while chanting.
The magic dart hits you.
You barely miss the orc.
The orc priest hits you with a +0 war axe.
* * * LOW HITPOINT WARNING * * *
You hit the orc.
The orc is poisoned.
The orc is lightly wounded.
You feel less confused.
The orc wizard points at you and mumbles some strange words.
The magic dart hits you.
* * * LOW HITPOINT WARNING * * *
The orc barely misses you. The orc priest barely misses you.
You block the orc's attack.
The orc wizard gestures at you while chanting.
The puff of flame hits you!
You die...

#. ....# ..#.....
.#.... . . ....#
... .. ######...#
.... ..
#..#.....#...#
##.#..#.o...#...#
#..≈...oo@....##..
#####...o#........
#..)o.......##....
##.#S.#...### ..
...#..#..##
.....######.#
......o #..##
..##### ..... .
....#..


You could see an orc priest, an orc wizard, an adder and 3 orcs.

Vanquished Creatures
  An iguana (D:2)
  An orc wizard (D:4)
  A worker ant (D:3)
  5 gnolls
  3 adders (D:3)
  An ooze (D:2)
  4 worms
  A dart slug (D:1)
  4 leopard geckos
  4 orcs
  4 bats
  6 giant cockroaches
  11 hobgoblins
  3 jackals (D:1)
  10 kobolds
  2 quokkas
  A ball python (D:3)
  7 frilled lizards
  8 goblins
  7 rats
84 creatures vanquished.

Notes
Turn   | Place    | Note
-------+----------+-------------------------------------------
     0 | D:1      | Pyrotika the Draconian Venom Mage began the quest for the
                  | Orb.
     0 | D:1      | Reached XP level 1. HP: 14/14 MP: 3/3
   331 | D:1      | Reached XP level 2. HP: 20/20 MP: 1/5
   646 | D:1      | Reached XP level 3. HP: 24/27 MP: 0/6
   745 | D:1      | Reached skill level 1 in Fighting
  1099 | D:1      | Learned a level 2 spell: Poisonous Vapours
  1161 | D:1      | Upgraded the game from 0.23.0 to 0.23.2-30-g0e89c35649
  1517 | D:2      | Reached XP level 4. HP: 35/35 MP: 7/7
  2275 | D:2      | Found a hazy altar of Hepliaklqana.
  2452 | D:3      | Reached skill level 1 in Short Blades
  2480 | D:3      | Reached XP level 5. HP: 30/41 MP: 8/8
  3425 | D:4      | Found a staircase to the Ecumenical Temple.
  3488 | D:4      | Killed from afar by an orc wizard

Skill      XL: |  1  2  3  4  5 |
---------------+----------------+-----
Fighting       | 1 2 |  2.0
Dodging        | 2 |  2.2
Short Blades   | 1 3 |  3.4
Stealth        | |  1.9
Shields        | |  0.1
Unarmed Combat | |  0.1
Spellcasting   | |  2.6
Conjurations   | |  1.5
Air Magic      | |  0.4
Poison Magic   | |  3.9

Action                   |  1- 3 |  4- 6 || total
-------------------------+-------+-------++-------
Melee: Unarmed           |    56 |       ||    56
       Short sword       |    39 |   118 ||   157
       Tailslap          |     8 |    15 ||    23
 Cast: Sting             |    61 |     2 ||    63
       Poisonous Vapours |     2 |       ||     2
 Stab: Sleeping          |     2 |     3 ||     5
  Eat: Chunk             |     1 |     3 ||     4
       Ration            |     1 |     1 ||     2
Armor: Skin              |    40 |    28 ||    68
Dodge: Dodged            |    90 |    51 ||   141
Block: Shield            |       |     2 ||     2
